cohdb
Replays
Latest Replays
All Replays
Popular Replays
Top Player Replays
Match Explorer
How It Works
Community
CoH3 Stats
Reddit
Sign in to upload your games and track your stats! →
Sign in with Steam
Match 42884765
Unlisted
Match 42884765
Overview
Messages
Build Orders
End
Kradschützen Motorcycle Team
Panzerpioneer Squad
Panzerpioneer Squad
Construct Light Support Kompanie
Panzerpioneer Squad
Assault Grenadier Squad
2.5-tonne Medical Truck
Selects Battlefield Espionage Battlegroup
Selects 250/3 Funkpanzerwagen
250/3 Funkpanzerwagen
Panzerjäger Mechanized Group
2.5-tonne Medical Truck
Selects Intel Disruption Beacon
Selects Plunder
Fire Support Elements
Combat Half-tracks
Flakvierling Half-track
Pak 38 Mechanized Group
Veteran Squad Leaders
Construct Panzerarmee Kommand
Panzer III L Medium Tank
Selects Advanced Ambush Training
Flak 36 Anti-tank Gun Team
Emergency Repair Kits
Panzer III L Medium Tank
Selects Disruption Operation
Selects Operation Skorpion
Panzer III L Medium Tank
Panzer III L Medium Tank
Mr.Faraam
General Winter
Nashorn101
Skobido bop
YouAreDead
.
0
0
Comments
sign in to comment!
No comments posted yet!